 Dungeon Crawl Stone Soup version 0.31-a0-263-ge8cad7f256 (webtiles) character file.

Game seed: 12516613305317717514

905 qw the Skirmisher (level 8, -8/48 HPs)
             Began as a Gargoyle Hexslinger on July 13, 2023.
             Mangled by a wight
             ... wielding a +3 mace of freezing
              (9 damage)
             ... on level 5 of the Dungeon.
             The game lasted 00:02:19 (4183 turns).

qw the Skirmisher (Gargoyle Hexslinger)             Turns: 4183, Time: 00:02:20

Health: -8/48      AC: 14    Str: 13    XL:     8   Next: 8%
Magic:  9/9        EV: 10    Int: 13    God:
Gold:   172        SH:  0    Dex: 14    Spells: 8/9 levels left

rFire   + . .        b - +0 orcbow
rCold   . . .        (shield currently unavailable)
rNeg    + . .        m - +0 ring mail
rPois   inf          (no helmet)
rElec   +            d - +0 cloak
rCorr   .            c - +0 pair of gloves
SInv    .            i - +0 pair of boots
Will    .....        (no amulet)
Stlth   +            f - ring of protection from fire
HPRegen 0.28/turn    (no ring)
MPRegen 0.11/turn

%: no passive effects
@: no status effects
A: sickness immunity, AC +5, negative energy resistance 1, electricity
resistance, torment resistance 1, petrification resistance
a: no special abilities


You were on level 5 of the Dungeon.
You visited 1 branch of the dungeon, and saw 6 of its levels.

You collected 244 gold pieces.
You spent 72 gold pieces at shops.


Innate Abilities, Weirdness & Mutations

You are immune to sickness and miasma.
Your stone body is resilient. (AC +5)
You are immune to poison.
You resist negative energy. (rN+)
You are resistant to electric shocks. (rElec)
You are resistant to unholy torment.
You are immune to petrification.


   Skills:
 + Level 4.2 Fighting
 - Level 8.0 Ranged Weapons
 - Level 2.0 Armour
 - Level 1.5 Dodging
 - Level 1.0 Spellcasting
 - Level 2.6 Hexes


You had 8 spell levels left.
You knew the following spells:

 Your Spells              Type           Power      Damage    Failure   Level
a - Slow                  Hex            28%        N/A       21%         1

Your spell library contained the following spells:

 Spells                   Type           Power      Damage    Failure   Level
 Inner Flame              Hex/Fire       4%         N/A       71%         3
 Portal Projectile        Hex/Tloc       8%         N/A       71%         3
 Cause Fear               Hex            3%         N/A       89%         4

Inventory:

Hand Weapons
 b - a +0 orcbow (weapon)
Armour
 c - a +0 pair of gloves (worn)
 d - a +0 cloak (worn)
 i - a +0 pair of boots (worn)
 m - a +0 ring mail (worn)
Jewellery
 f - a ring of protection from fire (left hand)
 j - a ring of fire
Scrolls
 a - 2 scrolls of identify
Potions
 e - a potion of enlightenment
 g - 2 potions of mutation
 h - a potion of curing
 k - 5 potions of might

Dungeon Overview and Level Annotations

Branches:
Dungeon (6/15)
 Temple: D:4-7

Altars:
Wu Jian

Shops:
D:2 ?

Annotations:
D:5 1 transporter, 1 runed translucent door, Crazy Yiuf; qw's ghost, novice MiHs


Message History

The puff of frost misses you.
The puff of frost hits the wight.
The wight resists.
You climb upwards.
Level annotation: 1 transporter, 1 runed translucent door, Crazy Yiuf; qw's ghost, novice MiHs
There is a stone staircase leading down here.
Enter note:
Enter note:
Enter note:
Enter note:
Enter note:
Enter note:
Enter note:
Enter note:
Enter note: You shoot an arrow.
The arrow hits the wight!
The wight is heavily damaged.
The iguana bites you but does no damage.
The wight closely misses you. The wight barely misses you.
You shoot an arrow. The arrow barely misses the wight.
The iguana barely misses you.
The wight hits you with a +3 mace of freezing.
The wight freezes you. The wight hits you with a +0 dagger.
You shoot an arrow. The arrow hits the wight!
The wight is almost destroyed.
The iguana bites you but does no damage.
The wight hits you with a +3 mace of freezing!
The wight freezes you. The wight misses you.
You shoot an arrow. The arrow hits the wight.
You destroy the wight!
The iguana barely misses you.
The wight hits you with a +3 mace of freezing.
The wight freezes you. The wight closely misses you.
The iguana closely misses you. The white imp barely misses you.
Your Ranged Weapons skill increases to level 8!
You shoot an arrow. The arrow hits the wight.
The wight is moderately damaged.
The iguana bites you!
The white imp hits you but does no damage.
The wight hits you with a +3 mace of freezing!
You die...

#...#.# #.########### #.#.#.#
#...........#
##.#.#.#########..########.#
...#.#.#......../........#.#
.......#.#######)..###...).#
####...............###.}...#
#####.############....)##### #.#
##5[.'##.##....## ## #.#
#####@l}..##.##..}.>#
.#######.###...##z..##...##...###
.##.....#.....########.}.######.#
....####.###..# #.# #...# #.#
.........###..####.####<## #.#
.#######...........##.### ###.#
## #.###..#######.# #...# .# #.#
#..# #.### #.### .# #.#
#..#######...## #.#


You could see an iguana, a wight and a white imp.

Vanquished Creatures
  Prince Ribbit (D:5)
  A black bear (D:5)
  A centaur (D:5)
  2 wights
  A howler monkey (D:4)
  A hound (D:4)
  An orc priest (D:3)
  2 iguanas
  2 orc wizards (D:4)
  7 adders
  A shadow imp (D:4)
  6 worms
  3 dart slugs
  15 orcs
  9 ball pythons
  8 bats
  11 endoplasms
  4 giant cockroaches
  11 goblins
  3 hobgoblins
  11 jackals
  7 quokkas
  3 frilled lizards
  9 kobolds
  8 rats
128 creatures vanquished.

Notes
Turn   | Place    | Note
-------+----------+-------------------------------------------
     0 | D:1      | qw the Gargoyle Hexslinger began the quest for the Orb.
     0 | D:1      | Reached XP level 1. HP: 12/12 MP: 2/2
     0 | D:1      | 0 ||| qw: Version: 0.3-a-52-g30416fa
     0 | D:1      | 0 ||| qw: Game counter: 7124
     0 | D:1      | 0 ||| qw: Melee chars always use a shield: true
     0 | D:1      | 0 ||| qw: God list: Okawaru
     0 | D:1      | 0 ||| qw: Allow faded altars: false
     0 | D:1      | 0 ||| qw: Do Orc after clearing Dungeon:15 true
     0 | D:1      | 0 ||| qw: Do second Lair branch before Depths: true
     0 | D:1      | 0 ||| qw: Lair rune preference: random
     0 | D:1      | 0 ||| qw: Goals: Normal
     0 | D:1      | 0 ||| PLANNING D:1-11
   133 | D:1      | Reached XP level 2. HP: 16/16 MP: 3/3
   182 | D:1      | Reached skill level 3 in Ranged Weapons
   275 | D:1      | 275 ||| Stepping ~*~*~tactically~*~*~ (outnumbered).
   293 | D:1      | Reached XP level 3. HP: 7/21 MP: 4/4
   545 | D:1      | 545 ||| UPGRADING to +0 leather armour.
   555 | D:1      | 555 ||| DROPPING +0 robe.
   556 | D:1      | 556 ||| READING 3 scrolls labelled RUNISEU HEYSU.
   557 | D:1      | 557 ||| READING scroll labelled UNID HUT XUHA.
   575 | D:1      | 575 ||| DRINKING 3 bubbling dark potions.
   576 | D:1      | 576 ||| DROPPING 2 scrolls of noise.
   577 | D:1      | 577 ||| DROPPING scroll of poison.
   578 | D:1      | 578 ||| DROPPING 2 potions of brilliance.
   596 | D:2      | Found Wuestrit's Magic Scroll Shop.
   603 | D:2      | Found a faded altar of an unknown god.
   608 | D:2      | 608 ||| SHOPLISTING 3 scrolls of enchant weapon (270 gold,
                  | have 88).
   608 | D:2      | 608 ||| BUYING scroll of identify (24 gold).
   608 | D:2      | Bought a scroll of identify for 24 gold pieces
   608 | D:2      | 608 ||| BUYING scroll of identify (24 gold).
   608 | D:2      | Bought a scroll of identify for 24 gold pieces
   608 | D:2      | 608 ||| BUYING scroll of identify (24 gold).
   608 | D:2      | Bought a scroll of identify for 24 gold pieces
   608 | D:2      | 608 ||| SHOPLISTING scroll of teleportation (36 gold, have
                  | 16).
   743 | D:2      | Reached XP level 4. HP: 26/26 MP: 5/5
   833 | D:2      | 833 ||| SWAPPING to +0 sling of flaming.
   834 | D:2      | 834 ||| DROPPING +1 sling.
   908 | D:2      | Reached skill level 4 in Ranged Weapons
  1104 | D:2      | 1104 ||| UPGRADING to +0 pair of gloves.
  1109 | D:2      | 1109 ||| UPGRADING to +0 cloak.
  1114 | D:2      | 1114 ||| UPGRADING to ring of protection from fire.
  1115 | D:2      | 1115 ||| READING scroll labelled PIUTA VUOWER.
  1118 | D:2      | 1118 ||| READING scroll labelled OFFUJ NUEFA.
  1119 | D:2      | 1119 ||| READING scroll labelled SEL EFIFASSO.
  1120 | D:2      | 1120 ||| READING scroll labelled EMOANE KIXO.
  1121 | D:2      | 1121 ||| READING scroll labelled IDEOGE DERUCUN.
  1122 | D:2      | 1122 ||| READING scroll labelled CEPUOT RORIVE.
  1123 | D:2      | 1123 ||| DRINKING 4 yellow potions.
  1124 | D:2      | 1124 ||| READING 3 scrolls of identify.
  1124 | D:2      | 1124 ||| IDENTIFYING viscous pink potion
  1125 | D:2      | 1125 ||| READING 2 scrolls of identify.
  1125 | D:2      | 1125 ||| IDENTIFYING fuming emerald potion
  1138 | D:3      | 1138 ||| STAIRDANCE
  1409 | D:3      | Reached XP level 5. HP: 30/30 MP: 6/6
  1443 | D:3      | HP: 6/30 [orc priest/divine providence (14)]
  1445 | D:3      | Reached skill level 5 in Ranged Weapons
  1452 | D:3      | 1452 ||| FLEEEEING.
  1453 | D:3      | 1453 ||| FLEEEEING.
  1454 | D:3      | 1454 ||| FLEEEEING.
  1455 | D:3      | 1455 ||| FLEEEEING.
  1456 | D:3      | 1456 ||| FLEEEEING.
  1460 | D:3      | 1460 ||| FLEEEEING.
  1461 | D:3      | 1461 ||| FLEEEEING.
  1462 | D:3      | 1462 ||| FLEEEEING.
  1463 | D:3      | 1463 ||| FLEEEEING.
  1464 | D:3      | 1464 ||| FLEEEEING.
  1465 | D:3      | 1465 ||| FLEEEEING.
  1482 | D:3      | 1482 ||| FLEEEEING.
  1487 | D:3      | 1487 ||| STAIRDANCE
  1538 | D:2      | 1538 ||| UPGRADING to +0 ring mail.
  1548 | D:2      | 1548 ||| DROPPING +0 leather armour.
  1549 | D:2      | 1549 ||| DROPPING amulet of magic regeneration.
  1550 | D:2      | 1550 ||| READING scroll labelled LUESOK COEVE.
  1562 | D:3      | 1562 ||| STAIRDANCE
  1724 | D:3      | Reached skill level 1 in Armour
  1791 | D:3      | 1791 ||| UPGRADING to +0 pair of boots.
  1821 | D:4      | 1821 ||| PLANNING SEWER
  1832 | D:4      | Found Xeonluor's Weapon Emporium.
  2143 | D:4      | Reached skill level 3 in Fighting
  2143 | D:4      | Reached XP level 6. HP: 24/37 MP: 7/7
  2146 | D:4      | 2146 ||| FLEEEEING.
  2155 | D:4      | HP: 7/37 [orc/+0 mace (3)]
  2499 | D:4      | 2499 ||| RIP SEWER
  2527 | D:4      | 2527 ||| PLANNING D:1-11
  2554 | D:4      | Reached skill level 6 in Ranged Weapons
  2952 | D:4      | 2952 ||| Stepping ~*~*~tactically~*~*~ (water).
  3077 | D:4      | 3077 ||| DRINKING 2 purple potions.
  3078 | D:4      | 3078 ||| READING 3 scrolls of identify.
  3078 | D:4      | 3078 ||| IDENTIFYING dark potion
  3079 | D:4      | 3079 ||| READING 2 scrolls of identify.
  3079 | D:4      | 3079 ||| IDENTIFYING brown potion
  3080 | D:4      | 3080 ||| DROPPING potion of berserk rage.
  3100 | D:5      | Entered Level 5 of the Dungeon
  3101 | D:5      | Noticed a black bear
  3110 | D:5      | Killed a black bear
  3111 | D:5      | Reached XP level 7. HP: 33/43 MP: 8/8
  3236 | D:5      | Identified the +0 great mace of the Iron City of Dis {pain,
                  | rPois rC+ Int+7}
  3236 | D:5      | Noticed qw's ghost (novice MiHs)
  3237 | D:5      | Found a transporter.
  3267 | D:5      | Noticed Prince Ribbit
  3291 | D:5      | Killed Prince Ribbit
  3292 | D:5      | Reached skill level 7 in Ranged Weapons
  3615 | D:5      | HP: 10/43 [centaur (4)]
  3616 | D:5      | 3616 ||| DRINKING potion of heal wounds.
  3684 | D:5      | 3684 ||| SWAPPING to +0 orcbow.
  3685 | D:5      | 3685 ||| DROPPING +0 sling of flaming.
  3822 | D:5      | Found an ornate altar of the Wu Jian Council.
  4113 | D:5      | Found a runed translucent door.
  4114 | D:5      | Noticed Crazy Yiuf
  4174 | D:6      | Reached XP level 8. HP: 48/48 MP: 9/9
  4177 | D:6      | 4177 ||| STAIRDANCE
  4182 | D:5      | HP: 12/48 [wight/+3 mace of freezing (1)]
  4183 | D:5      | Reached skill level 8 in Ranged Weapons
  4183 | D:5      | HP: 1/48 [iguana (11)]
  4183 | D:5      | Mangled by a wight

Levels and vault maps discovered:
D:1:      minmay_arrival_up_and_down, layout_basic, st_stairs_10,
          minmay_misc_feat_plants
D:2:      layout_rooms, serial_shops, shop_statue, basic_ecumenical_altar
D:3:      layout_rooms, corexii_corridor_pit, minmay_fractal_squares_gapless_5
D:4:      minmay_angry_zag, layout_basic, gup_sewer_entry_spiral, serial_shops,
          nicolae_diamond_shop
D:5:      layout_loops_ring, nzn_wu_jian_council_hall, gammafunk_ghost_smash,
          minmay_misc_feat_room, grunt_ministairs_4,
          nicolae_elevator_lobby_asterisk, uniq_prince_ribbit1,
          uniq_crazy_yiuf_cottage
D:6:      layout_rooms, kennysheep_mini, serial_bayou, serial_bayou_pond_b,
          serial_bayou_lagoon_a, serial_bayou_lagoon_b, serial_bayou_pond_e,
          minmay_misc_feat_rugged, nicolae_shop_gadgets

Skill      XL: |  1  2  3  4  5  6  7  8 |
---------------+-------------------------+-----
Ranged Weapons | 3 4 5 6 7 8 |  8.0
Fighting       | 2 3 4 |  4.2
Armour         | 1 2 |  2.0
Dodging        | |  1.5
Spellcasting   | |  1.0
Hexes          | |  2.6

Action                     |  1- 3 |  4- 6 |  7- 9 || total
---------------------------+-------+-------+-------++-------
   Fire: Sling             |   138 |   391 |    52 ||   581
         Orcbow            |       |       |    23 ||    23
    Use: Scroll            |     2 |    11 |       ||    13
         Potion            |     1 |     2 |     1 ||     4
 Armour: Robe              |    37 |       |       ||    37
         Leather armour    |    12 |    28 |       ||    40
         Ring mail         |       |   167 |    39 ||   206
  Dodge: Dodged            |    76 |   180 |    36 ||   292

Table legend:
 A = Non-vault XP
 B = Vault XP
 C = Vault XP percentage of total XP
 D = Non-vault monster count
 E = Vault monster count
 F = Vault count percentage of total count
                 A         B        C        D         E       F
            +---------+---------+-------+---------+---------+-------
      Total |     856 |     438 |  33.8 |     106 |      22 |  17.2
            +---------+---------+-------+---------+---------+-------
        D:1 |      46 |       5 |   9.8 |      23 |       3 |  11.5
        D:2 |      94 |       0 |   0.0 |      30 |       0 |   0.0
        D:3 |      88 |      18 |  17.0 |      17 |       4 |  19.0
        D:4 |     227 |      90 |  28.4 |      26 |      12 |  31.6
        D:5 |     331 |     325 |  49.5 |       9 |       3 |  25.0
        D:6 |      70 |       0 |   0.0 |       1 |       0 |   0.0
            +---------+---------+-------+---------+---------+-------
